Map: Prion Terraces

Players

IIIIIIIIIIII

  • Race: Terran Terran
  • League: Master

Miszu - Winner!

  • Race: Terran Terran
  • League: Master

VOD

Have the link to the VOD?

Description

Time

  • Played on: Feb. 6, 2016, 2:40 p.m.
  • Length: 3:26
Show
View Real Time Build Order
Export as new Build Order

IIIIIIIIIIII Terran 

Build Orders:  

Get SALT Encoding   

  12  0:01  SCV  
  13  0:14  Supply Depot  
  13  0:39  Barracks  
  13  0:50  Barracks  
  13  1:01  Barracks  
  13  1:06  SCV  
  14  1:26  Marine  
  14  1:29  Barracks  
  15  1:37  Marine  
  16  1:44  Marine  
  16  1:46  Supply Depot  
  17  1:49  Marine  
  18  1:55  Marine  
  19  2:02  Marine  
  19  2:07  Marine  
  19  2:23  Marine x3  
  19  2:27  Marine  
  22  2:40  Marine  
  22  2:41  Marine x2  
  25  2:45  Marine  
  26  2:58  Marine x3  
  26  3:03  Marine  
Show
View Real Time Build Order
Export as new Build Order

Miszu Terran - Winner!

Build Orders:  

Get SALT Encoding   

  12  0:01  SCV  
  13  0:13  SCV  
  14  0:17  Supply Depot  
  14  0:25  SCV  
  15  0:39  SCV  
  16  0:42  Barracks  
  16  0:46  Refinery  
  16  0:51  SCV  
  17  1:03  SCV  
  18  1:15  SCV  
  19  1:29  Orbital Command  
  19  1:30  Barracks Reactor  
  19  1:43  Command Center  
  19  1:49  Marine  
  19  1:51  Bunker  
  20  1:54  Supply Depot  
  20  1:55  SCV  
  21  2:03  Factory  
  21  2:05  Refinery  
  21  2:07  Marine, SCV  
  20  2:23  SCV  
  21  2:32  Marine  
  21  2:35  SCV  
  23  2:42  Supply Depot  
  23  2:47  Hellion  
  23  2:48  SCV  
  23  2:49  Marine  
  27  3:02  SCV  
  28  3:07  Marine  
Tags
 
Add a new tag
Caveats
  • Supply blocks, unpowered buildings, or Contaminate may cause inaccurate times.
  • Supply counts are checked every 10 seconds.